 Dungeon Crawl Stone Soup version 0.31-a0-198-g2ad674f65e (webtiles) character file.

Game seed: 9942272921839794509

71 qw the Shooter (level 4, 0/25 HPs)
             Began as a Deep Elf Hunter on June 25, 2023.
             Constricted to death by a ball python (1 damage)
             ... on level 2 of the Dungeon.
             The game lasted 00:00:21 (944 turns).

qw the Shooter (Deep Elf Hunter)                     Turns: 944, Time: 00:00:22

Health: 0/25       AC:  5    Str: 10    XL:     4   Next: 5%
Magic:  6/6        EV:  8    Int: 14    God:
Gold:   22         SH:  0    Dex: 18    Spells: 3/3 levels left

rFire   . . .        Y - +0 shortbow
rCold   . . .        (shield currently unavailable)
rNeg    . . .        e - +0 ring mail
rPois   .            (no helmet)
rElec   .            (no cloak)
rCorr   .            (no gloves)
SInv    .            (no boots)
Will    .....        (no amulet)
Stlth   +            (no ring)
HPRegen 0.24/turn    (no ring)
MPRegen 0.10/turn

%: no passive effects
@: lethally poisoned (0 -> -1), constricted
A: no striking features
a: no special abilities


You were on level 2 of the Dungeon.
You visited 1 branch of the dungeon, and saw 2 of its levels.

You collected 22 gold pieces.


   Skills:
 - Level 1.5 Fighting
 + Level 7.5 Ranged Weapons
 - Level 2.4 Dodging
 - Level 1.2 Stealth


You had 3 spell levels left.
You didn't know any spells.
Your spell library was empty.

Inventory:

Hand Weapons
 Y - a +0 shortbow (weapon)
Armour
 a - a +0 cloak
 e - a +0 ring mail (worn)
Potions
 d - a potion of curing {unknown}
 f - a potion of lignification {unknown}
 g - a potion of resistance {unknown}
 l - a potion of degeneration {unknown}

Dungeon Overview and Level Annotations

Branches:
Dungeon (2/15)

Altars:


Message History

You shoot an arrow. The arrow hits Terence.
Terence is lightly wounded.
You shoot an arrow. The arrow hits Terence.
Terence is moderately wounded.
Terence shouts, "Get ready for death!"
You shoot an arrow. The arrow hits Terence.
Terence is heavily wounded.
Terence barely misses you.
You shoot an arrow. The arrow hits Terence.
Terence is severely wounded.
A ball python comes into view.
Terence closely misses you.
You shoot an arrow. The ball python hisses angrily.
The arrow hits Terence.
Terence is almost dead.
Terence hits you with a +3 mace of venom!
You are poisoned.
You shoot an arrow. The arrow hits Terence.
Terence is almost dead.
You feel very sick.
Terence hits you with a +3 mace of venom.
You shoot an arrow. The arrow hits Terence.
You kill Terence!
You feel sick.
You have reached level 4!
You feel clever.
You shoot an arrow. The arrow hits the ball python.
The ball python is heavily wounded.
You feel sick.
You shoot an arrow.
The arrow completely misses the ball python.
You feel sick.
The ball python bites you but does no damage.
The ball python grabs you. The ball python constricts you.
You shoot an arrow.
The arrow closely misses the ball python.
You feel sick.
The ball python bites you but does no damage.
The ball python constricts you.
You die...

## ######. #......
#...... #......
#.##############......
#....@.....#..........
?.....S#####.#........%.
.....?. #.#........%.
....... #.#....##....
....... #.#...#..#...
....... #.#...#..#.#.
....... #.#....#.#.#.
....... #........#...
###......#.#.


You could see a ball python.

Vanquished Creatures
  Terence (D:2)
  A worm (D:2)
  A dart slug (D:2)
  4 endoplasms
  2 giant cockroaches
  4 hobgoblins (D:1)
  5 jackals
  3 kobolds (D:1)
  5 ball pythons (D:1)
  4 bats (D:1)
  2 frilled lizards (D:1)
  4 goblins
36 creatures vanquished.

Notes
Turn   | Place    | Note
-------+----------+-------------------------------------------
     0 | D:1      | qw the Deep Elf Hunter began the quest for the Orb.
     0 | D:1      | Reached XP level 1. HP: 12/12 MP: 3/3
     0 | D:1      | 0 ||| qw: Version: 0.3-a-22-g0ed2b0b
     0 | D:1      | 0 ||| qw: Game counter: 5154
     0 | D:1      | 0 ||| qw: Melee chars always use a shield: true
     0 | D:1      | 0 ||| qw: God list: Okawaru
     0 | D:1      | 0 ||| qw: Allow faded altars: false
     0 | D:1      | 0 ||| qw: Do Orc after clearing Dungeon:15 true
     0 | D:1      | 0 ||| qw: Do second Lair branch before Depths: true
     0 | D:1      | 0 ||| qw: Lair rune preference: random
     0 | D:1      | 0 ||| qw: Goals: Normal
     0 | D:1      | 0 ||| PLANNING D:1-11
    92 | D:1      | Reached XP level 2. HP: 16/16 MP: 4/4
    99 | D:1      | Reached skill level 6 in Ranged Weapons
   630 | D:1      | Reached XP level 3. HP: 20/20 MP: 5/5
   758 | D:1      | 758 ||| UPGRADING to +0 ring mail.
   768 | D:1      | 768 ||| DROPPING +0 leather armour.
   769 | D:1      | 769 ||| READING scroll labelled HOENIF ROTTIEFA.
   770 | D:1      | 770 ||| READING scroll labelled ZIUGO BO TEPE.
   771 | D:1      | 771 ||| READING scroll labelled LAKKUFUETO.
   772 | D:1      | 772 ||| READING scroll labelled LEULLU QOCISH.
   773 | D:1      | 773 ||| READING scroll labelled TAT NUOQEFOTT.
   774 | D:1      | 774 ||| DROPPING scroll of butterflies.
   912 | D:2      | Reached skill level 7 in Ranged Weapons
   933 | D:2      | Noticed Terence
   940 | D:2      | HP: 5/20 [Terence/+3 mace of venom (5)]
   941 | D:2      | Killed Terence
   942 | D:2      | Reached XP level 4. HP: 4/25 MP: 6/6
   943 | D:2      | HP: 2/25 [poisoned by Terence]
   944 | D:2      | Constricted to death by a ball python

Levels and vault maps discovered:
D:1:      sevenhm_arrival_forest_fort_large_2, layout_basic, chequers_avenue
D:2:      layout_basic, basic_altar, minmay_curled_crystal, uniq_terence

Skill      XL: |  1  2  3 |
---------------+----------+-----
Ranged Weapons | 6 7 |  7.5
Fighting       | |  1.5
Dodging        | |  2.4
Stealth        | |  1.2

Action                     |  1- 3 |  4- 6 || total
---------------------------+-------+-------++-------
   Fire: Shortbow          |    77 |     3 ||    80
    Use: Scroll            |     5 |       ||     5
 Armour: Leather armour    |     2 |       ||     2
         Ring mail         |     4 |     2 ||     6
  Dodge: Dodged            |    15 |       ||    15

Table legend:
 A = Non-vault XP
 B = Vault XP
 C = Vault XP percentage of total XP
 D = Non-vault monster count
 E = Vault monster count
 F = Vault count percentage of total count
                 A         B        C        D         E       F
            +---------+---------+-------+---------+---------+-------
      Total |      64 |      38 |  37.3 |      35 |       1 |   2.8
            +---------+---------+-------+---------+---------+-------
        D:1 |      43 |       0 |   0.0 |      27 |       0 |   0.0
        D:2 |      21 |      38 |  64.4 |       8 |       1 |  11.1
            +---------+---------+-------+---------+---------+-------
